 Dungeon Crawl Stone Soup version 0.19-a0-1899-g2d93087 (webtiles) character file.

125 Morenatsu the Firebug (level 4, -5/24 HPs)
             Began as a Deep Elf Fire Elementalist on Oct 20, 2016.
             Killed from afar by an orc wizard (10 damage)
             ... with a puff of flame
             ... on level 3 of the Dungeon.
             The game lasted 00:07:47 (3104 turns).

Morenatsu the Firebug (Deep Elf Fire Elementalist)  Turns: 3104, Time: 00:07:48

Health: -5/24      AC:  2    Str:  8    XL:     4   Next: 82%
Magic:  1/10       EV: 12    Int: 21    God:
Gold:   131        SH:  0    Dex: 12    Spells: 3 memorised, 3 levels left

rFire  . . .     SeeInvis .     k - +7 morningstar "Guph" {crush, rPois Str+3 Dex-3}
rCold  . . .     Gourm    .     a - +0 robe
rNeg   . . .     Faith    .     (no shield)
rPois  +         Spirit   .     (no helmet)
rElec  .         Reflect  .     (no cloak)
rCorr  .         Harm     .     (no gloves)
MR     .....                    (no boots)
Stlth  ++........               (no amulet)
                                (no ring)
                                (no ring)

@: no status effects
A: no striking features
a: no special abilities


You were on level 3 of the Dungeon.
You were not hungry.

You visited 1 branch of the dungeon, and saw 3 of its levels.

You collected 131 gold pieces.

Inventory:

Hand Weapons
 k - the +7 morningstar "Guph" (weapon) {crush, rPois Str+3 Dex-3}
   (You found it on level 2 of the Dungeon)

   It inflicts extra damage upon your enemies.
   It affects your strength (+3).
   It affects your dexterity (-3).
   It protects you from poison.
Armour
 a - a +0 robe (worn)
Potions
 e - 2 potions of brilliance
 i - 2 potions of mutation {unknown}
 j - a potion of flight {unknown}
 l - a potion of curing {unknown}
Books
 b - a book of Flames

   Spells                             Type                      Level
   a - Flame Tongue                   Conjuration/Fire             1
   b - Throw Flame                    Conjuration/Fire             2
   c - Conjure Flame                  Conjuration/Fire             3
   d - Inner Flame                    Hexes/Fire                   3
   e - Sticky Flame                   Conjuration/Fire             4
   f - Fireball                       Conjuration/Fire             5
Comestibles
 c - a bread ration
 d - a slice of pizza
 f - a beef jerky
 h - 2 meat rations


   Skills:
 - Level 2.4 Dodging
 - Level 2.4 Stealth
 - Level 3.0 Spellcasting
 - Level 1.1 Conjurations
 + Level 6.2 Fire Magic


You had 3 spell levels left.
You knew the following spells:

 Your Spells              Type           Power        Failure   Level  Hunger
a - Flame Tongue          Conj/Fire      ###..        3%          1    None
b - Throw Flame           Conj/Fire      ###...       6%          2    ##.....
c - Conjure Flame         Conj/Fire      ###.....     12%         3    ###....


Dungeon Overview and Level Annotations

Branches:
Dungeon (3/15)

Altars:
Dithmenos
The Shining One


Message History

* * * LOW HITPOINT WARNING * * *
Casting: Throw Flame
Confirm with . or Enter, or press ? or * to list all spells.
You can't see any susceptible monsters within range! (Use Z to cast anyway.)
Casting: Throw Flame
Confirm with . or Enter, or press ? or * to list all spells.
You don't have enough magic to cast that spell.
Casting: Throw Flame
Confirm with . or Enter, or press ? or * to list all spells.
You can't see any susceptible monsters within range! (Use Z to cast anyway.) Unknown command.
Casting: Throw Flame
Confirm with . or Enter, or press ? or * to list all spells.
You can't see any susceptible monsters within range! (Use Z to cast anyway.) Unknown command.
You barely miss something.
You hear some strange, mumbled words.
A puff of flame appears from out of thin air!
The puff of flame hits you!
You die...

#.# #......##... #.#
#......##... #######
#.#######......##...
#.....#
#.......#####.###...
#.....# #.......# .#
#[...[# #.......# .#
#.....# #.#######
######.....# #.######
........†..# #.#@{..#
.#######'#####.#.##.#
.# #.......#.##(# .#
#########.##....)o..
.# #.########## .#
#.# .# #.# .### #.#
...# #.#


There were no monsters in sight!

Vanquished Creatures
  3 adders
  4 worms
  A dart slug (D:2)
  6 leopard geckos
  2 orcs (D:3)
  5 giant cockroaches
  10 goblins
  8 hobgoblins
  3 jackals (D:1)
  12 kobolds
  2 quokkas (D:2)
  2 ball pythons
  6 bats
  3 frilled lizards (D:2)
  6 rats
73 creatures vanquished.

Notes
Turn   | Place    | Note
-------+----------+-------------------------------------------
     0 | D:1      | Morenatsu the Deep Elf Fire Elementalist began the quest for the Orb.
     0 | D:1      | Reached XP level 1. HP: 10/10 MP: 6/6
   142 | D:1      | Reached XP level 2. HP: 15/15 MP: 1/8
   143 | D:1      | Reached skill level 4 in Fire Magic
   298 | D:1      | Learned a level 2 spell: Throw Flame
   909 | D:1      | Reached XP level 3. HP: 11/19 MP: 7/9
  1410 | D:1      | Found a shadowy altar of Dithmenos.
  1623 | D:2      | Reached skill level 5 in Fire Magic
  1644 | D:2      | Found a glowing golden altar of the Shining One.
  1811 | D:2      | Learned a level 3 spell: Conjure Flame
  1950 | D:2      | Got a twisted morningstar
  1952 | D:2      | Identified the +7 morningstar "Guph" {crush, rPois Str+3 Dex-3} (You found it on level 2 of the Dungeon)
  2058 | D:2      | Reached XP level 4. HP: 22/24 MP: 10/10
  2935 | D:3      | Reached skill level 6 in Fire Magic
  3104 | D:3      | Killed from afar by an orc wizard

Vault maps used:
D:1:      matt_arrival_spirals, kennysheep_flooded_box, roderic_hopi_sauvastika
D:2:      kb_forest_paths, lemuel_coloured_pillars_altar, nrook_loot_triangle,
          kennysheep_generic_room_15
D:3:      kennysheep_big_flooded_room, gammafunk_temple_overflow_wave

Skill      XL: |  1  2  3  4 |
---------------+-------------+-----
Fire Magic     | 4 5 6 |  6.2
Dodging        | |  2.4
Stealth        | |  2.4
Spellcasting   | |  3.0
Conjurations   | |  1.1

Action                   |  1- 3 |  4- 6 || total
-------------------------+-------+-------++-------
Melee: Unarmed           |     8 |       ||     8
       Morningstar       |     3 |    59 ||    62
 Cast: Flame Tongue      |    57 |    15 ||    72
       Throw Flame       |     6 |     5 ||    11
  Use: Scroll            |     3 |     1 ||     4
 Stab: Sleeping          |     1 |     1 ||     2
  Eat: Chunk             |     4 |     3 ||     7
Armor: Robe              |     5 |    21 ||    26
Dodge: Dodged            |    22 |    54 ||    76
